 Dungeon Crawl Stone Soup version 0.20.1-1-g8b1a95d (webtiles) character file.

516 PhyxPenguin the Ruffian (level 7, 0/99 HPs)
             Began as a Troll Fighter on Dec 9, 2017.
             Succumbed to a killer bee's poison
             ... on level 4 of the Dungeon.
             The game lasted 00:24:06 (3075 turns).

PhyxPenguin the Ruffian (Troll Fighter)             Turns: 3075, Time: 00:24:07

Health: 0/99       AC: 23    Str: 27    XL:     7   Next: 0%
Magic:  6/6        EV:  1    Int:  4    God:
Gold:   191        SH:  9    Dex:  9    Spells: 6/6 levels left

rFire    . . .     SeeInvis .     - Unarmed
rCold    . . .     Gourm    +   b - +0 shield
rNeg     + + +     Faith    .   (armour currently unavailable)
rPois    +         Spirit   .   (helmet currently unavailable)
rElec    .         Reflect  .   (cloak currently unavailable)
rCorr    .         Harm     .   (gloves unavailable)
MR       .....     Clarity  +   (boots unavailable) Stlth +.........NoTele +
                                (no amulet)
Regen    0.7/turn               (no ring)
MPRegen  0.1/turn               (no ring)

@: lethally poisoned (0 -> -11), tree-form
A: unfitting armour, clarity, fast metabolism 3, gourmand, regeneration 1, wild
magic 1
a: no special abilities


You were on level 4 of the Dungeon.
You were not hungry.
You were a tree.
You visited 1 branch of the dungeon, and saw 4 of its levels.

You collected 191 gold pieces.

Inventory:

Armour
 a - a +0 robe (melded)
 b - a +0 shield (worn)
Jewellery
 h - an uncursed ring of protection from fire
 k - an uncursed ring of resist corrosion {unknown}


   Skills:
 + Level 2.8 Fighting
 + Level 3.6 Dodging
 + Level 0.1 Stealth
 + Level 3.8 Shields
 + Level 5.5 Unarmed Combat


You had 6 spell levels left.
You didn't know any spells.

Dungeon Overview and Level Annotations

Branches:
Dungeon (4/15)
 Temple: D:4-7

Altars:
Elyvilon


Innate Abilities, Weirdness & Mutations

You are too large for most types of armour.
((You have claws for hands.))
Your metabolism is lightning-fast.
You like to eat raw meat.
Your natural rate of healing is unusually fast.
((You are covered in fur. (AC +1)))
((You have very tough skin. (AC +2)))
You possess an exceptional clarity of mind.
Your spells are a little harder to cast, but a little more powerful.


Message History

You cannot move.
You cannot move.
You cannot move.
You cannot move.
You cannot move.
You completely miss the killer bee.
The killer bee is lightly wounded.
* * * LOW HITPOINT WARNING * * *
You feel sick.
The killer bee stings you but does no damage. x2
You block the killer bee's attack.
The killer bee stings you but does no damage.
The killer bee stings you.
* * * LOW HITPOINT WARNING * * *
You block the killer bee's attack.
Unknown command.
Unknown command.
You closely miss the killer bee.
The killer bee is lightly wounded.
You die...

#........#.........#
#........#.........#
#........#.........#
#........#.........##
#........#..........+
####.##########'###.#
#.........# #.# +#
#..yy.....# #.#
#..♣y.....# #.#
#.........# #.#
#.........# #.# +#
#.........# #.# .#
#.........####.# .#
#.....)........###.#
#.#.##########......
###. #.#.# #......
... #.# # #......


You could see 3 killer bees.

Vanquished Creatures
  The ghost of Lanoc the Chucker, an amateur TrAs (D:3)
  An orc priest (D:4)
  A hound (D:4)
  5 orc wizards
  8 adders
  2 oozes
  2 worms
  2 dart slugs (D:1)
  4 leopard geckos
  12 orcs
  5 giant cockroaches
  8 goblins
  4 hobgoblins
  A quokka (D:3)
  3 bats
  5 frilled lizards
  6 kobolds
  8 rats
78 creatures vanquished.

Notes
Turn   | Place    | Note
-------+----------+-------------------------------------------
     0 | D:1      | PhyxPenguin the Troll Fighter began the quest for the Orb.
     0 | D:1      | Reached XP level 1. HP: 22/22 MP: 0/0
    95 | D:1      | Reached XP level 2. HP: 21/29 MP: 1/1
  1065 | D:2      | Reached XP level 3. HP: 36/36 MP: 2/2
  1137 | D:2      | Reached skill level 3 in Unarmed Combat
  1158 | D:2      | Found a white marble altar of Elyvilon.
  1769 | D:3      | Reached XP level 4. HP: 39/44 MP: 3/3
  2096 | D:3      | Noticed Lanoc's ghost (amateur TrAs)
  2114 | D:3      | Killed Lanoc's ghost
  2114 | D:3      | Reached skill level 4 in Unarmed Combat
  2114 | D:3      | Reached XP level 5. HP: 12/50 MP: 4/4
  2234 | D:3      | Gained mutation: You possess an exceptional clarity of mind. [potion of mutation]
  2234 | D:3      | Gained mutation: Your spells are a little harder to cast, but a little more powerful. [potion of mutation]
  2249 | D:3      | Reached XP level 6. HP: 38/59 MP: 5/5
  2343 | D:3      | Reached skill level 5 in Unarmed Combat
  3018 | D:4      | Reached XP level 7. HP: 65/66 MP: 6/6
  3073 | D:4      | HP: 4/99 [poisoned by a killer bee]
  3075 | D:4      | Succumbed to a killer bee's poison

Skill      XL: |  1  2  3  4  5  6 |
---------------+-------------------+-----
Unarmed Combat | 3 4 5 |  5.5
Dodging        | 3 |  3.6
Shields        | 3 |  3.8
Fighting       | |  2.8
Stealth        | |  0.1

Action                   |  1- 3 |  4- 6 |  7- 9 || total
-------------------------+-------+-------+-------++-------
Melee: Unarmed           |   115 |   131 |     8 ||   254
  Use: Potion            |       |     8 |     1 ||     9
       Scroll            |       |     3 |     1 ||     4
  Eat: Bread ration      |     3 |       |     1 ||     4
       Fruit             |       |     3 |       ||     3
       Chunk             |       |     8 |       ||     8
Armor: Robe              |    60 |    33 |     5 ||    98
       Skin              |       |       |     6 ||     6
Dodge: Dodged            |    55 |    54 |     8 ||   117
Block: Shield            |    60 |    83 |    11 ||   154
